 Dungeon Crawl Stone Soup version 0.27-a0-1287-gca74d27db6 (webtiles) character file.

Game seed: 12799514737519252399

30 Azzok the Chopper (level 3, 0/43 HPs)
             Began as a Demonspawn Berserker on June 14, 2021.
             Was a Follower of Trog.
             Slain by an adder (2 damage)
             ... on level 2 of the Dungeon.
             The game lasted 00:00:58 (1028 turns).

Azzok the Chopper (Demonspawn Berserker)            Turns: 1028, Time: 00:00:58

Health: 0/43       AC:  4    Str: 18    XL:     3   Next: 3%
Magic:  3/3        EV: 12    Int:  8    God:    Trog [*.....]
Gold:   45         SH:  0    Dex: 12    Spells: 2/2 levels left

rFire    . . .     SeeInvis .   a - +0 hand axe
rCold    . . .     Faith    .   (no shield)
rNeg     . . .     Spirit   .   b - +0 animal skin
rPois    .         Reflect  .   (no helmet)
rElec    .         Harm     .   (no cloak)
rCorr    .         Rampage  .   (no gloves)
Will     ++...                  (no boots)
Stlth    ..........             (no amulet)
HPRegen  1.14/turn              (no ring)
MPRegen  0.08/turn              (no ring)

@: berserking, lethally poisoned (0 -> -1), strong-willed, regenerating, very
quick
A: slimy green scales 1, powered by pain 1
a: Renounce Religion, Berserk


You were on level 2 of the Dungeon.
You worshipped Trog.
Trog was aware of your devotion.
You visited 1 branch of the dungeon, and saw 2 of its levels.

You collected 45 gold pieces.

Inventory:

Hand Weapons
 a - a +0 hand axe (weapon)
Armour
 b - a +0 animal skin (worn)
Scrolls
 c - a scroll of magic mapping {unknown}


   Skills:
 - Level 3.0 Fighting
 + Level 3.8 Axes
 - Level 1.7 Armour
 - Level 1.7 Dodging


You had 2 spell levels left.
You didn't know any spells.
Your spell library was empty.

Dungeon Overview and Level Annotations

Branches:
Dungeon (2/15)

Altars:


Innate Abilities, Weirdness & Mutations

You are partially covered in slimy green scales. (AC +2)
You sometimes gain a little power by taking damage.


Message History

Calm down first, please.
You feel your anger nearly subside.
You are no longer berserk.
You are exhausted.
You feel yourself slow down.
You feel yourself speed up.
A hobgoblin comes into view.
A hobgoblin is nearby!
You recover from your berserk rage.
A hobgoblin is nearby!
The hobgoblin shouts!
An adder comes into view.
The adder hisses angrily.
You slash the hobgoblin!
You kill the hobgoblin!
Trog accepts your kill.
Things that are here:
11 gold pieces; a hobgoblin corpse The adder bites you but does no damage.
You closely miss the adder. The adder bites you. The adder misses you.
You miss the adder. The adder barely misses you.
You hit the adder but do no damage. The adder bites you.
You are poisoned.
The adder poisons you! The adder bites you.
* * * LOW HITPOINT WARNING * * *
You are more poisoned.
The adder poisons you!
You miss the adder.
* * * LOW HITPOINT WARNING * * *
You feel very sick. The adder bites you but does no damage.
Your skin crawls.
You feel strong-willed.
You can no longer call upon Trog for regeneration and willpower.
* * * LOW HITPOINT WARNING * * *
You feel sick. The adder closely misses you.
A red film seems to cover your vision as you go berserk!
You feel yourself moving faster!
You feel mighty!
You feel sick. The adder bites you but does no damage. The adder bites you.
You die...

▒▒·▒▒ ······· ···▒·▒
▒▒ ▒··▒·▒·· ▒··▒·▒·▒
▒▒▒▒▒▒··▒·▒·▒
·······)····▒▒▒▒▒▒·▒▒
▒S▒·▒·········▒
▒▒▒)@···▒ ▒··▒
▒····$··▒ ▒··▒
▒·▒····▒▒ ▒··▒ ▒▒▒
▒·▒·▒·▒▒ ▒··▒ ▒·· ▒
▒·▒·▒ ▒··▒▒▒·▒
▒·▒·▒·▒▒▒▒ ▒······▒
▒········▒ ▒▒·▒▒▒·▒
▒·>▒▒▒▒▒·▒ ▒·▒ ▒·[
····· ▒·▒▒▒ ▒·▒ ▒▒▒


You could see an adder.

Vanquished Creatures
  3 ball pythons
  2 endoplasms (D:2)
  3 goblins
  A hobgoblin (D:2)
  8 jackals
  A quokka (D:1)
  2 bats (D:2)
  3 kobolds
  A rat (D:1)
24 creatures vanquished.

Notes
Turn   | Place    | Note
-------+----------+-------------------------------------------
     0 | D:1      | Azzok the Demonspawn Berserker began the quest for the Orb.
     0 | D:1      | Reached XP level 1. HP: 18/18 MP: 1/1
    24 | D:1      | Found a faded altar of an unknown god.
   174 | D:1      | Gained mutation: You are partially covered in slimy green
                  | scales. (AC +2) [demonic ancestry]
   174 | D:1      | Reached XP level 2. HP: 24/24 MP: 2/2
   951 | D:2      | Reached ** piety under Trog
   952 | D:2      | Gained mutation: You sometimes gain a little power by
                  | taking damage. [demonic ancestry]
   952 | D:2      | Reached XP level 3. HP: 13/29 MP: 3/3
  1027 | D:2      | HP: 1/29 [poisoned by an adder]
  1028 | D:2      | Slain by an adder

Illustrated notes

Levels and vault maps discovered:
D:1:      scummos_arrival_simple_crosswalls, layout_rooms,
          hellmonk_ecumenical_altar_dog_temple
D:2:      layout_loops_ring, basic_altar, serial_shops, nicolae_shop_trees

Skill      XL: |  1 |
---------------+----+-----
Axes           | 3 |  3.8
Fighting       | |  3.0
Armour         | |  1.7
Dodging        | |  1.7

Action                   || total
-------------------------++-------
Melee: Hand axe          ||    70
Invok: Berserk           ||     4
       Trog's Hand       ||     1
Armor: Animal skin       ||    33
Dodge: Dodged            ||    78

Table legend: (Time is in decaauts)
 A = Elapsed time spent in this place.
 B = Non-inter-level travel time spent in this place.
 C = Inter-level travel time spent in this place.
 D = Time resting spent in this place.
 E = Time spent auto-exploring this place.
 F = Levels seen in this place.
 G = Mean time per level.
                   A        B        C        D        E       F      G
               +--------+--------+--------+--------+--------+-----+--------+
         Total |   1057 |   1024 |     33 |     41 |    825 |   2 |  528.5 |
       Dungeon |   1057 |   1024 |     33 |     41 |    825 |   2 |  528.5 |
               +--------+--------+--------+--------+--------+-----+--------+

Top non-repeatable levels by time:
     D:1: 665 daAuts
     D:2: 391 daAuts
